 Dungeon Crawl Stone Soup version 0.29.1-1-gd02db6906a (webtiles) character file.

Game seed: 15295464059463274872

134143 LustLizard the Unseen (level 16, -2/88 HPs)
             Began as a Spriggan Arcane Marksman on Sept 21, 2022.
             Was the Champion of Dithmenos.
             Killed by the air
             ... invoked by a wind drake
              (22 damage)
             ... on level 1 of the Shoals.
             The game lasted 01:43:05 (43594 turns).

LustLizard the Unseen (Spriggan Arcane Marksman)   Turns: 43594, Time: 01:43:05

Health: -2/88      AC:  7    Str:  6    XL:     16   Next: 61%
Magic:  24/24      EV: 37    Int: 16    God:    Dithmenos [******]
Gold:   1044       SH:  0    Dex: 22    Spells: 9/17 levels left

rFire   . . .      SeeInvis +   E - +2 shortbow (flame)
rCold   . . .      Faith    .   (shield currently unavailable)
rNeg    . . .      Spirit   .   H - +2 robe {Will+}
rPois   .          Reflect  .   (helmet restricted)
rElec   .          Harm     .   K - +2 cloak {rCorr}
rCorr   +          Rampage  .   (gloves unavailable)
Will    ++++.                   (boots unavailable)
Stlth   ++++++++..              (no amulet)
HPRegen 0.24/turn               t - +4 ring of evasion
MPRegen 0.19/turn               M - ring of willpower

@: wreathed by umbra, slow
A: very small, no large weapons, unfitting armour, see invisible, speed 3
a: Renounce Religion, Shadow Step, Shadow Form


You were on level 1 of the Shoals.
You worshipped Dithmenos.
Dithmenos was exalted by your worship.
You visited 5 branches of the dungeon, and saw 24 of its levels.

You collected 2053 gold pieces.
You spent 1009 gold pieces at shops.

Inventory:

Hand Weapons
 E - a +2 shortbow of flaming (weapon)
Missiles
 q - 8 throwing nets
Armour
 g - +0 steam dragon scales
 n - the +1 robe "Naciptublu" {Str+3}
   (You found it on level 2 of the Dungeon)

   Str:       It affects your strength (+3).
 H - a +2 robe of willpower (worn)
 K - a +2 cloak of preservation (worn)
 N - a +1 buckler of reflection
 V - a +2 troll leather armour {Snorg}
Jewellery
 t - a +4 ring of evasion (left hand)
 G - a +6 ring of dexterity
 M - a ring of willpower (right hand)
 O - a ring of protection from fire
Wands
 h - a wand of roots (30)
 w - a wand of mindburst (28)
 y - a wand of digging (4)
 A - a wand of charming (21)
 J - a wand of light (7)
 R - a wand of flame (15)
Scrolls
 b - 7 scrolls of poison
 d - 4 scrolls of teleportation
 x - 4 scrolls of identify
 D - 4 scrolls of magic mapping
 F - 2 scrolls of amnesia
 S - a scroll of silence
 U - 2 scrolls of fear
 Y - a scroll of enchant armour
Potions
 e - a potion of attraction
 f - 4 potions of heal wounds
 i - 2 potions of resistance
 k - 4 potions of magic
 m - 6 potions of haste
 o - 2 potions of flight
 r - 5 potions of mutation
 u - 6 potions of curing
 z - 3 potions of lignification
 I - 5 potions of brilliance
 Q - 8 potions of ambrosia
 T - 4 potions of might
Miscellaneous
 W - a phial of floods


   Skills:
 + Level 11.4 Fighting
 + Level 16.3 Ranged Weapons
 + Level 16.1 Dodging
 - Level 20.0 Stealth
 - Level 1.3 Spellcasting
 - Level 4.0 Hexes
 - Level 8.0 Translocations
 - Level 10.0 Invocations
 - Level 10.0 Evocations


You had 9 spell levels left.
You knew the following spells:

 Your Spells              Type           Power      Damage    Failure   Level
a - Slow                  Hex            52%        N/A       4%          1
b - Portal Projectile     Hex/Tloc       40%        N/A       5%          3
c - Passage of Golubria   Tloc           26%        N/A       9%          4

Your spell library contained the following spells:

 Spells                   Type           Power      Damage    Failure   Level
 Apportation              Tloc           52%        N/A       1%          1
 Necrotise                Necr           4%         1d4       22%         1
 Summon Small Mammal      Summ           4%         N/A       22%         1
 Dazzling Flash           Conj/Hex       14%        N/A       28%         3
 Inner Flame              Hex/Fire       7%         N/A       28%         3
 Scorch                   Fire           2%         2d5       32%         2
 Static Discharge         Conj/Air       1%         3-4/arc   32%         2
 Cause Fear               Hex            6%         N/A       38%         4
 Iskenderun's Mystic Bla  Conj/Tloc      13%        2d5       38%         4
 Fulminant Prism          Conj/Hex       3%         3d6       67%         4
 Corpse Rot               Necr/Pois/Air  1%         N/A       91%         4
 Dispel Undead            Necr           1%         3d6       91%         4
 Flame Wave               Conj/Fire      1%         2d4       91%         4
 Sticky Flame             Conj/Fire      1%         2d3       91%         4
 Summon Ice Beast         Ice/Summ       1%         N/A       91%         4
 Silence                  Hex/Air        3%         N/A       95%         5
 Summon Mana Viper        Hex/Summ       7%         N/A       95%         5
 Agony                    Necr           1%         N/A       99%         5
 Lee's Rapid Deconstruct  Erth           0%         3d5*      99%         5
 Death Channel            Necr           0%         N/A       100%        6
 Summon Cactus Giant      Summ           0%         N/A       100%        6
 Dragon Form              Tmut           0%         N/A       100%        7
 Monstrous Menagerie      Summ           0%         N/A       100%        7
 Lehudib's Crystal Spear  Conj/Erth      0%         10d2      100%        8
 Chain Lightning          Conj/Air       0%         2d1       100%        9
 Dragon's Call            Summ           0%         N/A       100%        9
 Fire Storm               Conj/Fire      0%         6d1       100%        9
 Shatter                  Erth           0%         3d5*      100%        9


Dungeon Overview and Level Annotations

Branches:
Dungeon (15/15)            Temple (1/1) D:5            Lair (5/5) D:10
 Shoals (1/4) Lair:2        Snake (0/4) Lair:2        Slime (0/5) Lair:5
    Orc (2/2) D:9             Elf (0/3) Orc:2        Vaults (0/5) D:14
 Depths: D:15

Altars:
Ashenzari
Cheibriados
Dithmenos
Fedhas
Gozag
Kikubaaqudgha
Makhleb
Okawaru
Qazlal
Ru
Sif Muna
Trog
Uskayaw
Wu Jian
Yredelemnul
Zin
The Shining One
Jiyva

Shops:
D:6 ?   D:10 [[::   Orc:2 :*([

Annotations:
D:8 exclusion: hornet
D:10 1 runed translucent door, exclusion: orange crystal statue, Cheops's ghost, novice GrFi
D:11 Urug
D:13 2 runed translucent doors, exclusion: orange crystal statue


Innate Abilities, Weirdness & Mutations

You are very small and have problems with some larger weapons.
You are too small for most types of armour.
You have supernaturally acute eyesight. (SInv)
You cover ground extremely quickly. (Speed+++)


Message History

You are blown backwards!
Splash!
You shoot an arrow.
The arrow closely misses the wind drake.
No target in view!
No target in view!
You shoot an arrow.
The arrow hits the wind drake but does no damage.
The wind drake is almost dead.
The wind drake flaps its wings at you. The air twists around and strikes you!
You are too injured to fight recklessly!
You are too injured to fight recklessly!
You are too injured to fight recklessly!
Fire: E) +2 shortbow (flame)
Press: ? - help, Q - select action, (/) - cycle Shift-Dir - straight line, f/p - wind drake
Aim: a wind drake (black smoke, almost dead, repelling missiles, catching its breath, umbra, 35% to hit)
You shoot an arrow.
The arrow hits the wind drake but does no damage.
The wind drake is almost dead.
Your shadow shoots an arrow.
The arrow hits the wind drake.
Fire: E) +2 shortbow (flame)
Press: ? - help, Q - select action, (/) - cycle Shift-Dir - straight line, f/p - wind drake
Aim: a wind drake (black smoke, almost dead, repelling missiles, catching its breath, umbra, 35% to hit)
You shoot an arrow.
The arrow hits the wind drake but does no damage.
The wind drake is almost dead.
The wind drake flaps its wings at you. The air twists around and strikes you!!
* * * LOW HITPOINT WARNING * * *
Fire: E) +2 shortbow (flame)
Press: ? - help, Q - select action, (/) - cycle Shift-Dir - straight line, f/p - wind drake
Aim: a wind drake (almost dead, repelling missiles, umbra, 35% to hit)
You shoot an arrow. The arrow barely misses the wind drake.
Your shadow shoots an arrow.
The arrow hits the wind drake.
The wind drake flaps its wings at you. The air twists around and strikes you!!
You die...

....)....~~~~≈≈≈≈≈
~~........~~~~≈≈≈≈≈
~..... #.....~~≈≈≈≈
≈.....###....~≈≈≈≈≈
≈≈~..~....~~≈≈≈≈≈≈≈≈
≈≈≈≈~......~~≈≈≈≈≈§≈≈
≈≈≈≈~......~k~≈≈≈≈≈≈≈
≈≈≈≈≈≈≈~~....§.§§§§§≈≈≈≈
≈≈≈≈≈≈≈≈≈.....§§@§§≈≈≈≈≈
≈≈≈≈≈≈≈≈~~~...§§§§§≈≈≈≈≈
≈≈≈≈≈≈≈≈.P†...§§§§§~≈≈≈≈
≈≈≈≈≈≈≈~P.....§.§.~~≈≈≈≈
≈~~~P≈~~~...##....~~≈≈≈≈
~~~~~~~....###...~~~≈≈≈≈
~~~~~~~~P..###...~~≈≈≈≈≈
~...P~.P~...##....~~≈≈≈≈
~###P...~~..##....~≈≈≈≈≈


You could see a wind drake (repels missiles).

Vanquished Creatures
  A stone giant (Orc:2)
  A merfolk javelineer (Lair:2)
  Snorg (Lair:4)
  Josephine (D:13)
  The ghost of Liimbo the Fighter, a journeyman FoWn of Cheibriados (D:13)
  2 boulder beetles
  A merfolk avatar (Lair:5)
  A catoblepas (D:15)
  8 centaur warriors
  10 hydras
  An ogre mage (Orc:2)
  2 alligator snapping turtles (Shoals:1)
  16 two-headed ogres
  Erica (D:7)
  An orc high priest (Orc:1)
  17 death yaks
  2 tengu warriors
  7 skeletal warriors
  2 deep trolls (Orc:2)
  7 sea snakes
  A harpy (Lair:5)
  A wolf spider (D:14)
  4 deep elf pyromancers
  4 oklob plants
  7 cyclopes
  12 fauns (Shoals:1)
  2 orc knights
  20 ugly things
  13 manticores
  21 elephants
  Maurice (D:9)
  Joseph (D:8)
  2 black mambas
  3 merfolk sirens
  2 water nymphs (Shoals:1)
  3 gargoyles
  3 torpor snails
  14 cane toads
  A kobold demonologist (D:14)
  4 centaur skeletons (D:14)
  3 unseen horrors
  A komodo dragon (shapeshifter) (D:14)
  4 yaktaurs (D:14)
  8 rime drakes
  An efreet (D:9)
  Psyche (D:11)
  6 komodo dragons
  14 trolls
  5 polar bears
  A queen bee (Lair:1)
  6 merfolk
  Grinder (D:5)
  18 blink frogs
  3 hornets
  A wind drake (Shoals:1)
  9 slime creatures
  12 dream sheep
  Prince Ribbit (D:9)
  3 snapping turtles
  A spriggan (shapeshifter) (D:14)
  A culicivora (shapeshifter) (D:15)
  A centaur simulacrum (D:14)
  34 yaks
  Eustachio (D:5)
  3 basilisks
  9 wraiths
  6 wyverns
  A vampire (D:11)
  A water elemental (Shoals:1)
  An unseen horror simulacrum (D:9)
  5 steam dragons
  7 vampire mosquitoes
  4 nagas (Lair:2)
  6 acid dragons
  A warg (Orc:1)
  9 water moccasins
  17 orc warriors
  A sky beast (D:8)
  5 black bears
  An ice beast (D:6)
  21 ogres
  17 centaurs
  A phantom (D:6)
  14 wolves
  4 kobold brigands
  Blork the orc (D:3)
  A necrophage (D:8)
  8 bullfrogs
  5 gnoll sergeants
  10 wights
  45 killer bees
  An electric eel (Lair:2)
  7 howler monkeys
  A spectral centaur (D:9)
  4 hounds
  17 orc priests
  A gnoll bouda (D:9)
  3 iguanas
  Ijyb (D:5)
  Natasha (thrice) (D:4)
  18 orc wizards
  2 spectral howler monkeys (D:9)
  Robin (D:4)
  31 gnolls
  12 adders
  A shadow imp (D:5)
  3 white imps
  An ufetubus (D:5)
  3 worms (D:2)
  5 dart slugs
  50 orcs
  8 ball pythons
  12 bats
  7 endoplasms
  2 giant cockroaches
  14 goblins
  5 hobgoblins
  2 jackals (D:1)
  9 kobolds
  4 quokkas
  7 frilled lizards
  8 rats
785 creatures vanquished.

Vanquished Creatures (others)
  A gnoll (D:8)
  3 orcs (D:8)
  44 fungi
  112 plants
  18 withered plants (D:9)
178 creatures vanquished.

Grand Total: 963 creatures vanquished

Notes
Turn   | Place    | Note
-------+----------+-------------------------------------------
     0 | D:1      | LustLizard the Spriggan Arcane Marksman began the quest for
                  | the Orb.
     0 | D:1      | Reached XP level 1. HP: 9/9 MP: 3/3
    47 | D:1      | Reached skill level 1 in Stealth
    74 | D:1      | Reached skill level 1 in Fighting
    77 | D:1      | Reached XP level 2. HP: 14/14 MP: 5/5
   309 | D:1      | Reached skill level 2 in Stealth
   467 | D:1      | Reached XP level 3. HP: 18/18 MP: 6/6
  1002 | D:2      | Reached skill level 3 in Stealth
  1059 | D:2      | Reached XP level 4. HP: 15/22 MP: 7/7
  1232 | D:2      | Found a faded altar of an unknown god.
  1588 | D:2      | Identified the +1 robe "Naciptublu" {Str+3}
  1678 | D:2      | Reached skill level 4 in Stealth
  2414 | D:3      | Reached XP level 5. HP: 26/26 MP: 8/8
  2448 | D:4      | Noticed Blork the orc
  2471 | D:3      | Killed Blork the orc
  2472 | D:3      | Reached skill level 5 in Stealth
  2576 | D:4      | Found a shimmering blue altar of Sif Muna.
  2598 | D:4      | Noticed Natasha
  2607 | D:4      | Killed Natasha
  2683 | D:4      | Noticed Robin
  2717 | D:4      | Killed Robin
  2750 | D:4      | Noticed Natasha
  2772 | D:4      | Killed Natasha
  2773 | D:4      | Reached XP level 6. HP: 9/30 MP: 9/9
  3115 | D:4      | Reached skill level 6 in Stealth
  3271 | D:4      | Noticed Natasha
  3278 | D:4      | Killed Natasha
  3448 | D:5      | Entered Level 5 of the Dungeon
  3456 | D:5      | Noticed Ijyb
  3513 | D:5      | Found a snail-covered altar of Cheibriados.
  3542 | D:5      | Reached skill level 7 in Stealth
  3542 | D:5      | Reached XP level 7. HP: 22/35 MP: 10/10
  3581 | D:5      | Reached skill level 5 in Ranged Weapons
  3798 | D:5      | Reached skill level 8 in Stealth
  3839 | D:5      | Found a bloodstained altar of Trog.
  3952 | D:5      | Noticed Grinder
  3989 | D:5      | Noticed Eustachio
  4407 | D:5      | Killed Grinder
  4408 | D:5      | Reached XP level 8. HP: 29/40 MP: 8/11
  4592 | D:5      | Reached skill level 9 in Stealth
  4805 | D:5      | Found a staircase to the Ecumenical Temple.
  4810 | Temple   | Entered the Ecumenical Temple
  4827 | Temple   | Became a worshipper of Dithmenos the Shadowed
  5232 | D:5      | Killed Eustachio
  5426 | D:5      | Killed Ijyb
  5597 | D:6      | Reached skill level 10 in Stealth
  6392 | D:6      | Reached * piety under Dithmenos
  6461 | D:6      | Found Buch's Magic Scroll Shoppe.
  6471 | D:6      | Bought a scroll of magic mapping for 105 gold pieces
  6471 | D:6      | Bought a scroll of identify for 28 gold pieces
  6471 | D:6      | Bought a scroll of identify for 28 gold pieces
  6471 | D:6      | Bought a scroll of identify for 28 gold pieces
  6471 | D:6      | Bought a scroll of identify for 28 gold pieces
  6471 | D:6      | Bought a scroll of teleportation for 42 gold pieces
  6925 | D:6      | Reached skill level 11 in Stealth
  7086 | D:7      | Reached XP level 9. HP: 45/45 MP: 12/12
  7318 | D:7      | Reached skill level 1 in Invocations
  7318 | D:7      | Reached skill level 1 in Evocations
  7468 | D:7      | Found a glowing silver altar of Zin.
  8127 | D:8      | Noticed Joseph
  8501 | D:8      | Noticed Erica
  9420 | D:7      | Killed Erica
  9421 | D:7      | Reached skill level 12 in Stealth
 10030 | D:8      | Found a stormy altar of Qazlal.
 10366 | D:8      | Reached XP level 10. HP: 51/51 MP: 13/13
 10814 | D:8      | Reached ** piety under Dithmenos
 10923 | D:8      | Reached skill level 5 in Fighting
 11206 | D:8      | Killed Joseph
 11207 | D:8      | Reached skill level 13 in Stealth
 11294 | D:9      | Noticed Prince Ribbit
 11299 | D:9      | Killed Prince Ribbit
 11318 | D:9      | Reached skill level 5 in Dodging
 11513 | D:9      | Noticed a skeletal warrior
 11514 | D:9      | Found the +4 dagger "Morg" {pain, Will+ Int+5}
 11547 | D:9      | Noticed Maurice
 11765 | D:9      | Noticed a two-headed ogre
 11807 | D:9      | Killed a two-headed ogre
 11837 | D:9      | Found a staircase to the Orcish Mines.
 11974 | D:9      | Reached skill level 14 in Stealth
 12309 | D:9      | Reached *** piety under Dithmenos
 12674 | D:9      | Killed a skeletal warrior
 12675 | D:9      | Reached skill level 10 in Ranged Weapons
 12865 | D:9      | Reached XP level 11. HP: 56/56 MP: 15/15
 13028 | D:9      | Reached skill level 15 in Stealth
 13099 | D:10     | Entered Level 10 of the Dungeon
 13120 | D:10     | Found a burning altar of Makhleb.
 13197 | D:10     | Found Beajibom's Antique Weapon Emporium.
 13206 | D:10     | Found Xyfof's Antique Armour Emporium.
 13336 | D:10     | Found Xaheos's Book Shoppe.
 13775 | D:9      | Killed Maurice
 13805 | D:9      | Found a large runed translucent door.
 13806 | D:9      | Found a large runed translucent door.
 14084 | D:9      | Found a runed translucent door.
 14084 | D:9      | Noticed a deep elf pyromancer
 14085 | D:9      | Found a runed translucent door.
 14086 | D:9      | Found a runed translucent door.
 14086 | D:9      | Noticed a two-headed ogre
 14378 | D:10     | Noticed a yaktaur captain
 14407 | D:10     | Found a staircase to the Lair.
 14408 | D:10     | Found Boiclungiume's Book Shop.
 14489 | D:10     | Noticed an orange crystal statue
 14500 | D:10     | Noticed a two-headed ogre
 14659 | D:10     | Found a runed translucent door.
 14670 | D:10     | Identified the +11 trident of Ymma {vorpal, rN+ Will+
                  | rCorr}
 14670 | D:10     | Noticed Cheops's ghost (novice GrFi)
 14717 | D:10     | Reached skill level 16 in Stealth
 14727 | D:10     | Found Luthy's Armour Shoppe.
 14966 | D:10     | Learned a level 3 spell: Portal Projectile
 15946 | D:11     | Reached skill level 1 in Translocations
 16025 | D:11     | Noticed Psyche
 16032 | D:11     | Killed Psyche
 16103 | D:11     | Noticed a two-headed ogre
 16115 | D:11     | Killed a two-headed ogre
 16857 | D:11     | Reached **** piety under Dithmenos
 16947 | D:11     | Noticed Urug
 17312 | Lair:1   | Entered Level 1 of the Lair of Beasts
 17354 | Lair:1   | Reached skill level 5 in Evocations
 17733 | Lair:1   | Reached XP level 12. HP: 40/62 MP: 16/16
 17942 | Lair:1   | Noticed a death yak
 17943 | Lair:1   | Noticed a death yak
 17992 | Lair:1   | Killed a death yak
 17993 | Lair:1   | Reached skill level 5 in Invocations
 18130 | Lair:1   | Noticed a death yak
 18374 | Lair:1   | Noticed a death yak
 18441 | Lair:1   | Killed a death yak
 18467 | Lair:1   | Killed a death yak
 18485 | Lair:1   | Noticed a death yak
 18543 | Lair:1   | Noticed a death yak
 18604 | Lair:1   | Killed a death yak
 18657 | Lair:1   | Killed a death yak
 19242 | Lair:1   | Killed a death yak
 19616 | Lair:2   | Noticed a death yak
 19619 | Lair:2   | Noticed a death yak
 19619 | Lair:2   | Noticed a death yak
 19619 | Lair:2   | Noticed a death yak
 19626 | Lair:2   | Noticed a death yak
 19922 | Lair:1   | Killed a death yak
 19949 | Lair:2   | Noticed a death yak
 20029 | Lair:1   | Killed a death yak
 20082 | Lair:1   | Killed a death yak
 20245 | Lair:2   | Noticed a five-headed hydra
 20448 | Lair:2   | Killed a five-headed hydra
 20579 | Lair:2   | Reached XP level 13. HP: 68/68 MP: 16/18
 20717 | Lair:2   | Reached skill level 10 in Dodging
 20773 | Lair:2   | Reached ***** piety under Dithmenos
 20980 | Lair:2   | Found a staircase to the Shoals.
 21906 | Lair:2   | Found a staircase to the Snake Pit.
 23267 | Lair:3   | Found a broken altar of Ashenzari.
 23625 | Lair:3   | Found a blossoming altar of Fedhas.
 25358 | Lair:4   | Reached XP level 14. HP: 48/74 MP: 21/21
 25362 | Lair:4   | Reached skill level 10 in Evocations
 26759 | Lair:5   | Entered Level 5 of the Lair of Beasts
 26759 | Lair:5   | Noticed Snorg
 26952 | Lair:4   | Killed Snorg
 28099 | Lair:5   | Reached skill level 15 in Ranged Weapons
 28197 | Lair:5   | Reached skill level 17 in Stealth
 28483 | Lair:5   | Found a viscous altar of Jiyva.
 28487 | Lair:5   | Found a staircase to the Slime Pits.
 29464 | Lair:5   | Reached ****** piety under Dithmenos
 29678 | Lair:5   | Found the +1 robe of Vines {NoPotionHeal Regen++++}
 30014 | Lair:5   | Identified the +7 falchion of Nawoblayg {venom, rCorr
                  | Str+3}
 30237 | Orc:1    | Entered Level 1 of the Orcish Mines
 30438 | D:9      | Found an iron altar of Okawaru.
 30479 | D:9      | Found an ornate altar of the Wu Jian Council.
 30902 | D:9      | Reached skill level 18 in Stealth
 31212 | D:9      | Reached skill level 10 in Fighting
 31570 | D:9      | Reached XP level 15. HP: 67/80 MP: 23/23
 32018 | Orc:1    | Reached skill level 10 in Invocations
 32629 | Orc:2    | Entered Level 2 of the Orcish Mines
 33264 | Orc:2    | Reached skill level 19 in Stealth
 33442 | Orc:2    | Found Haisil's Antique Weapon Emporium.
 33754 | Orc:2    | Found Bapufec's Book Boutique.
 33760 | Orc:2    | Found Ciamops's Armour Shoppe.
 33761 | Orc:2    | Found Negal's Assorted Antiques.
 33781 | Orc:2    | Bought a scroll of enchant weapon for 225 gold pieces
 33781 | Orc:2    | Bought a scroll of enchant armour for 225 gold pieces
 33843 | Orc:2    | Found a staircase to the Elven Halls.
 33993 | Orc:2    | Bought a peridot ring for 150 gold pieces
 33993 | Orc:2    | Bought a potion of heal wounds for 150 gold pieces
 34301 | D:12     | Reached skill level 20 in Stealth
 34781 | D:13     | Noticed Liimbo's ghost (journeyman FoWn)
 34962 | D:13     | Noticed Josephine
 34965 | D:13     | Found a runed translucent door.
 36035 | D:13     | Found a runed translucent door.
 36041 | D:13     | Found the +10 tower shield of Ignorance {rN+ Int-4}
 36601 | D:13     | Killed Josephine
 36898 | D:13     | Found a runed translucent door.
 37012 | D:13     | Killed Liimbo's ghost
 37618 | D:14     | Reached skill level 15 in Dodging
 37618 | D:14     | Reached XP level 16. HP: 86/86 MP: 24/24
 38296 | D:14     | Found a gate to the Vaults.
 39018 | D:15     | Entered Level 15 of the Dungeon
 39603 | D:15     | Learned a level 4 spell: Passage of Golubria
 39986 | D:15     | Reached skill level 5 in Translocations
 40768 | Shoals:1 | Entered Level 1 of the Shoals
 42855 | Shoals:1 | Identified the +6 halberd "Boateu Miqa" {pain, *Slow rC+
                  | Int+3}
 43594 | Shoals:1 | Killed from afar by a wind drake

Illustrated notes

Levels and vault maps discovered:
D:1:      minmay_arrival_shoal_huts, layout_loops_ring, st_stairs_6
D:2:      layout_basic, nicolae_ecumenical_snake_handling, serial_bayou_crossing
D:3:      layout_rooms
D:4:      layout_rooms, mainiacjoe_overflow_boulevard, fountainhead, uniq_robin,
          uniq_blork_the_orc, uniq_natasha
D:5:      layout_cave_pods, kennysheep_mini, trog_ov_bears_minmay,
          minmay_temple_entry_nine_rooms, chequers_serial_rivers_micro_e,
          uniq_grinder, uniq_eustachio, uniq_ijyb
D:6:      layout_basic, serial_shops, nicolae_lakefront_shop
D:7:      layout_loops_cross, mainiacjoe_overflow_alcove_4
D:8:      layout_loops_ring, grunt_qazlal_clouds, uniq_joseph, uniq_erica
D:9:      minmay_the_grid_triangle_9x9_rhombus_full
          [minmay_the_grid_triangle_9x9_dagger,
          minmay_the_grid_triangle_9x9_limited_checkers,
          minmay_the_grid_triangle_9x9_wacky_v,
          minmay_the_grid_triangle_9x9_longest,
          minmay_the_grid_triangle_9x9_stretched_checkered,
          minmay_the_grid_triangle_9x9_fully_insulated_deathbox,
          minmay_the_grid_triangle_9x9_empty,
          minmay_the_grid_triangle_9x9_prize_insulated], layout_irregular_city,
          jmf_multi_god_temple2, dilly_guarded_unrand_morg, uniq_maurice,
          uniq_prince_ribbit1
D:10:     minmay_statue_hallways, layout_loops_ring,
          mainiacjoe_overflow_surrounded_room, serial_shops,
          nicolae_stop_n_shop_2, nicolae_stop_n_shop_1, nicolae_shop_stone,
          kennysheep_little_box, nicolae_shop_waterfront,
          ebering_ghost_funeral_grove, wad_dig_loot
D:11:     layout_irregular_city, uniq_psyche, uniq_urug
D:12:     layout_rooms
D:13:     layout_rooms, hellmonk_ghost_happy_afterlife,
          chequers_guarded_unrand_ignorance, uniq_josephine
D:14:     layout_gridville, hangedman_vaults_entry_quadrant_bands,
          hangedman_abyss_or_decor_passed, st_stairs_5
D:15:     grunt_enter_depths_hoard, layout_irregular_city, minmay_crystal_room,
          tgw_sif
Temple:   eino_temple_water
Lair:1:   layout_roguey [special_room_bee]
Lair:2:   layout_small_grid, elwin_shoals_entry_rooms,
          minmay_snake_entry_guardpost_medium, nicolae_quartered_pool_medium,
          grunt_megastairs_1
Lair:3:   layout_gridlike, basic_altar, hangedman_tree_tricks,
          grunt_megastairs_4, serial_bayou_shore_b
Lair:4:   layout_regular_city
Lair:5:   gammafunk_lair_ancient_temple, layout_loops_ring, slime_entry_1,
          hellmonk_guarded_unrand_vines, uniq_snorg
Shoals:1: layout_shoals
Orc:1:    layout_caves, minmay_orc_temple_c
Orc:2:    st_orc_open, layout_caves, basic_altar

Skill      XL: |  1  2  3  4  5  6  7  8  9 10 11 12 13 14 15 16 |
---------------+-------------------------------------------------+-----
Stealth        | 1 2 3 4 5 7 8 11 12 14 16 18 20 | 20.0
Fighting       | 1 2 3 4 5 6 7 8 10 11 | 11.4
Hexes          | 4 |  4.0
Ranged Weapons | 3 4 6 7 8 10 11 12 14 15 16 | 16.3
Invocations    | 3 4 6 8 9 10 | 10.0
Evocations     | 4 5 7 9 10 | 10.0
Dodging        | 4 6 9 10 11 15 16 | 16.1
Translocations | 4 8 |  8.0
Spellcasting   | |  1.3

Action                   |  1- 3 |  4- 6 |  7- 9 | 10-12 | 13-15 | 16-18 || total
-------------------------+-------+-------+-------+-------+-------+-------++-------
 Fire: Sling             |   105 |   184 |   497 |   314 |       |       ||  1100
       Shortbow          |       |       |       |   976 |  2355 |   684 ||  4015
 Cast: Slow              |     1 |    13 |    39 |    22 |     5 |       ||    80
  Use: Scroll            |     1 |     4 |    14 |     6 |     8 |     3 ||    36
       Potion            |       |       |     2 |     5 |     3 |     2 ||    12
Armor: Robe              |     5 |     8 |     8 |    20 |    22 |     3 ||    66
Dodge: Dodged            |    19 |    29 |   160 |   528 |   987 |   282 ||  2005
